 Dungeon Crawl Stone Soup version 0.27.1-33-g824d729ab1 (webtiles) character file.

Game seed: 16204931617696704429

7354 safid the Cleaver (level 11, -9/84 HPs)
             Began as a Hill Orc Fighter on Dec 20, 2021.
             Was a Believer of Beogh.
             Mangled by an orc warrior (23 damage)
             ... in a bailey.
             The game lasted 00:20:10 (9344 turns).

safid the Cleaver (Hill Orc Fighter)                Turns: 9344, Time: 00:20:10

Health: -9/84      AC: 19    Str: 28    XL:     11   Next: 13%
Magic:  0/11       EV:  7    Int:  8    God:    Beogh [**....]
Gold:   740        SH: 14    Dex: 13    Spells: 10/10 levels left

rFire    . . .     SeeInvis .   a - +0 war axe
rCold    . . .     Faith    .   c - +0 kite shield
rNeg     . . .     Spirit   +   B - +1 plate armour "Pudocw" {Rampage Str+5}
rPois    .         Reflect  .   o - +2 helmet of Greed {Dex+3}
rElec    .         Harm     .   y - scarf {+Inv}
rCorr    .         Rampage  +   (no gloves)
Will     .....                  (no boots)
Stlth    ..........             r - amulet of guardian spirit
HPRegen  0.24/turn              e - +4 ring of slaying
MPRegen  0.12/turn              h - +4 ring of protection

@: mighty
A: no striking features
a: Renounce Religion, Evoke Invisibility, Smiting


You were in a bailey.
You worshipped Beogh.
Beogh was pleased with you.
You visited 1 branch of the dungeon, and saw 9 of its levels.
You also visited: Bailey.

You collected 740 gold pieces.

Inventory:

Hand Weapons
 a - a +0 war axe (weapon)
 C - the +0 rapier of Veaxeni {freeze, rC++}
   (You found it on level 7 of the Dungeon)

   It freezes those it strikes, dealing additional cold damage.
   It can also slow down cold-blooded creatures.
   rC:        It greatly protects you from cold.
Armour
 c - a +0 kite shield (worn)
 o - the +2 helmet of Greed (worn) {Dex+3}
   (You took it off Robin on level 4 of the Dungeon)

   Dex:       It affects your dexterity (+3).
 y - a scarf of invisibility (worn)
 B - the +1 plate armour "Pudocw" (worn) {Rampage Str+5}
   (You found it on level 6 of the Dungeon)

   Str:       It affects your strength (+5).
   Rampage:   It bestows one free step when moving towards enemies.
Jewellery
 b - a ring of ice
 e - a +4 ring of slaying (left hand)
 h - a +4 ring of protection (right hand)
 r - an amulet of guardian spirit (around neck)
Wands
 u - a wand of iceblast (27)
 F - a wand of flame (9)
Scrolls
 j - 3 scrolls of teleportation
 m - a scroll of fog {unknown}
 n - 5 scrolls of blinking
 p - 2 scrolls of enchant armour
 q - 2 scrolls of immolation {unknown}
 s - a scroll of noise {unknown}
 w - a scroll of amnesia {unknown}
 z - 2 scrolls of magic mapping {unknown}
Potions
 g - 2 potions of flight
 i - a potion of magic {unknown}
 k - a potion of mutation {unknown}
 l - a potion of attraction {unknown}
 v - a potion of cancellation {unknown}
 A - a potion of heal wounds {unknown}
 D - a potion of brilliance {unknown}


   Skills:
 - Level 4.0 Fighting
 + Level 14.7 Axes
 - Level 4.0 Armour
 + Level 12.9 Shields


You had 10 spell levels left.
You didn't know any spells.
Your spell library contained the following spells:

 Spells                   Type           Power      Damage    Failure   Level
 Beastly Appendage        Tmut           0%         N/A       100%        1
 Foxfire                  Conj/Fire      0%         2x1d4     100%        1
 Blink                    Tloc           N/A        N/A       100%        2
 Sublimation of Blood     Necr           0%         N/A       100%        2
 Wereblood                Tmut           0%         N/A       100%        2
 Conjure Flame            Conj/Fire      0%         6-21      100%        3
 Inner Flame              Hex/Fire       0%         N/A       100%        3
 Lesser Beckoning         Tloc           0%         N/A       100%        3
 Spider Form              Tmut/Pois      0%         N/A       100%        3
 Summon Lightning Spire   Summ/Air       0%         N/A       100%        4
 Manifold Assault         Tloc           0%         N/A       100%        5
 Storm Form               Tmut/Air       0%         N/A       100%        7
 Summon Hydra             Summ           0%         N/A       100%        7
 Maxwell's Capacitive Co  Air            0%         ∞         100%        8


Dungeon Overview and Level Annotations

Branches:
Dungeon (8/15)             Temple (0/1) D:4          Bailey (1/1)
   Lair: D:8-11

Altars:
Fedhas
Makhleb
Okawaru
Ru

Shops:
D:1 [   D:3 [

Annotations:
D:3 1 runed translucent door, Crazy Yiuf


Message History

Unknown command.
You block the orc knight's attack. You block the orc warrior's attack.
The orc warrior no longer looks unusually strong.
The orc warrior shoots a bolt.
The bolt hits you but does no damage.
The orc warrior shoots a bolt.
You block the bolt.
The orc warrior no longer looks unusually strong.
The orc warrior shoots a bolt.
The bolt closely misses you.
You feel better.
The orc knight roars a battlecry!
The orc knight hits you but does no damage.
You block the orc warrior's attack.
You closely miss the orc knight.
The orc knight is almost dead.
You block the orc knight's attack.
Unknown command.
You slice the orc knight!!
You kill the orc knight!
Beogh accepts your kill. You block the orc warrior's attack.
The orc warrior shoots a bolt.
You block the bolt. The orc warrior closely misses you.
You barely miss the orc warrior.
The orc warrior is moderately wounded.
The orc warrior shoots a bolt.
You block the bolt.
The orc warrior hits you with a +0 glaive!
* * * LOW HITPOINT WARNING * * *
Unknown command.
The orc warrior hits you from afar with a +0 glaive.
* * * LOW HITPOINT WARNING * * *
The orc warrior unwields a +0 arbalest.
The orc warrior hits you but does no damage.
The orc warrior barely misses you.
Things that are here:
a +0 trident; a +0 scale mail; an orc corpse You slash the orc warrior!
The orc warrior is severely wounded.
You slice the orc warrior!! You block the orc warrior's attack.
The orc warrior hits you with a +0 glaive!!
You die...
Beogh appreciates the orc warrior's killing of a heretic priest.

### ### #
##.###########∩######### .##
#...##.....##...##.....## .}#
#...#..≈≈≈..#...#..≈≈≈..#...#
#...#.≈≈.≈≈).....)≈≈)≈≈.#..[#
#...'.≈.∩)≈.....o)≈)∩.≈.'..(#
#...#.≈≈)≈≈))...@o≈≈)≈≈.#...#
#...#..≈≈≈..#...#..≈≈≈..# .$#
#...##.....##.∩.##.....## !#
##.###########∩######### #
### ###


You could see 2 orc warriors.

Vanquished Creatures
  A boulder beetle (D:11)
  3 orc knights (Bailey)
  A hornet (D:8)
  Prince Ribbit (D:7)
  4 yaks (D:11)
  2 steam dragons
  2 water moccasins
  10 orc warriors
  2 ice beasts
  2 black bears
  2 sky beasts (D:6)
  A necrophage (D:4)
  An ogre (D:7)
  2 centaurs
  A phantom (D:5)
  2 kobold brigands
  4 bullfrogs
  3 scorpions
  2 water moccasin zombies
  A wyvern skeleton (D:7)
  5 wights (D:5)
  2 centaur zombies
  2 hounds
  5 jellies
  Ijyb (D:3)
  A bullfrog zombie (D:6)
  2 orc priests
  A bullfrog skeleton (D:6)
  A gnoll shaman (D:7)
  Jessica (D:3)
  2 iguanas
  5 orc wizards
  Terence (D:3)
  A killer bee zombie (D:5)
  2 hound skeletons
  2 howler monkey zombies (D:7)
  Robin (D:4)
  15 gnolls
  8 adders
  2 shadow imps
  A white imp (D:8)
  3 ufetubi
  An adder skeleton (D:4)
  3 worms
  5 dart slugs
  26 orcs
  8 endoplasms
  7 giant cockroaches
  18 goblins
  9 hobgoblins
  12 jackals
  3 quokkas
  13 ball pythons
  7 bats
  2 frilled lizards
  A jackal skeleton (D:4)
  16 kobolds
  A quokka skeleton (D:4)
  5 rats
248 creatures vanquished.

Vanquished Creatures (others)
  An orc (D:8)
  A goblin (D:3)
  3 plants (D:3)
5 creatures vanquished.

Grand Total: 253 creatures vanquished

Notes
Turn   | Place    | Note
-------+----------+-------------------------------------------
     0 | D:1      | safid the Hill Orc Fighter began the quest for the Orb.
     0 | D:1      | Reached XP level 1. HP: 19/19 MP: 1/1
   132 | D:1      | Found Olues's Antique Armour Boutique.
   200 | D:1      | Reached skill level 3 in Axes
   200 | D:1      | Reached XP level 2. HP: 27/27 MP: 2/2
   314 | D:1      | Found a faded altar of an unknown god.
   475 | D:1      | Reached XP level 3. HP: 33/33 MP: 3/3
  1157 | D:2      | Reached XP level 4. HP: 11/40 MP: 4/4
  1400 | D:2      | You fall into a shaft and drop 2 floors!
  1402 | D:4      | Identified the +2 helmet of Greed {Dex+3}
  1402 | D:4      | Noticed Robin
  1424 | D:4      | Killed Robin
  1425 | D:4      | Reached skill level 4 in Axes
  1504 | D:4      | Reached XP level 5. HP: 21/46 MP: 5/5
  1734 | D:4      | Reached skill level 5 in Axes
  1806 | D:3      | Noticed Jessica
  1815 | D:3      | Killed Jessica
  1816 | D:3      | Reached skill level 5 in Shields
  1913 | D:3      | Found an iron altar of Okawaru.
  2300 | D:3      | Noticed Ijyb
  2372 | D:3      | Noticed Terence
  2382 | D:3      | Reached XP level 6. HP: 39/52 MP: 3/6
  2383 | D:3      | Killed Terence
  2531 | D:3      | Reached skill level 6 in Axes
  2638 | D:3      | Found Ycamurph's Antique Armour Boutique.
  2648 | D:3      | Killed Ijyb
  2953 | D:3      | Found a runed translucent door.
  2954 | D:3      | Noticed Crazy Yiuf
  3307 | D:4      | Found a blossoming altar of Fedhas.
  3405 | D:4      | Found a staircase to the Ecumenical Temple.
  3455 | D:4      | Reached XP level 7. HP: 59/59 MP: 7/7
  3788 | D:4      | Found a burning altar of Makhleb.
  3798 | D:4      | Reached skill level 7 in Axes
  4077 | D:5      | Entered Level 5 of the Dungeon
  4305 | D:5      | Reached skill level 8 in Axes
  4400 | D:5      | Reached XP level 8. HP: 64/66 MP: 6/8
  4632 | D:5      | Found a sacrificial altar of Ru.
  4687 | D:5      | Reached skill level 9 in Axes
  4912 | D:5      | You fall into a shaft and drop 1 floor!
  5633 | D:6      | Reached skill level 10 in Axes
  5642 | D:6      | Became a worshipper of Beogh the Brigand
  5649 | D:6      | Reached XP level 9. HP: 69/71 MP: 9/9
  5872 | D:6      | Reached skill level 11 in Axes
  5876 | D:6      | Reached * piety under Beogh
  6013 | D:6      | Reached skill level 10 in Shields
  6068 | D:6      | Identified the +1 plate armour "Pudocw" {Rampage Str+5}
  6266 | D:7      | Noticed Prince Ribbit
  6351 | D:7      | Killed Prince Ribbit
  6514 | D:7      | Reached skill level 12 in Axes
  6525 | D:7      | Reached ** piety under Beogh
  6980 | D:7      | Identified the +0 rapier of Veaxeni {freeze, rC++}
  7004 | D:7      | Reached XP level 10. HP: 78/78 MP: 10/10
  8149 | D:8      | Reached skill level 13 in Axes
  8226 | D:8      | You fall into a shaft and drop 3 floors!
  8226 | D:11     | Noticed a boulder beetle
  8254 | D:11     | Killed a boulder beetle
  8360 | D:11     | Found a flagged portal.
  8583 | Bailey   | Entered a bailey
  8583 | Bailey   | Noticed an orc knight
  8965 | Bailey   | Reached skill level 14 in Axes
  8974 | Bailey   | Noticed an orc knight
  8976 | Bailey   | Killed an orc knight
  8990 | Bailey   | Killed an orc knight
  8991 | Bailey   | Reached XP level 11. HP: 46/84 MP: 4/11
  9311 | Bailey   | Noticed an orc knight
  9339 | Bailey   | Killed an orc knight
  9344 | Bailey   | Mangled by an orc warrior

Illustrated notes

Levels and vault maps discovered:
D:1:      lemuel_arrival_muddy, layout_basic,
          shapermc_ecumenical_altar_mp_highgroup, serial_shops, shop
D:2:      layout_rooms
D:3:      layout_basic, mainiacjoe_overflow_paths, serial_forest,
          infiniplex_forest_clump_large, infiniplex_forest_clump_double,
          infiniplex_forest_zigzag_2, infiniplex_forest_lined_3_way,
          infiniplex_forest_clump_tiny, infiniplex_forest_clump_curved,
          infiniplex_forest_diagonal, infiniplex_forest_lined_4_way,
          serial_shops, nicolae_lakefront_shop, uniq_terence, uniq_jessica,
          uniq_ijyb, uniq_crazy_yiuf_cottage
D:4:      minmay_evil_eye, layout_loops_ring, makhleb_blood_cavern_becter,
          fedhas_ov_isle_minmay, minmay_temple_entry_offerings, uniq_robin
D:5:      layout_loops_corners, nicolae_ru_great_annihilating_truth
D:6:      minmay_angry_zag, layout_cave_pools, serial_column_ruins,
          column_ruins_hut, column_ruins_hut, column_ruins_grid_1,
          column_ruins_open_tiny, column_ruins_open_tiny
D:7:      layout_rooms, uniq_prince_ribbit1
D:8:      layout_loops_ring, minmay_holes, mumra_transporter_accident,
          grunt_decor_junction, grunt_ministairs_11
D:11:     minmay_shrinking_squares, layout_loops_cross, enter_bailey_3
Bailey:   bailey_polearm_4, bailey

Skill      XL: |  1  2  3  4  5  6  7  8  9 10 |
---------------+-------------------------------+-----
Axes           | 3 4 5 6 8 10 12 14 | 14.7
Fighting       | 4 |  4.0
Armour         | 4 |  4.0
Shields        | 4 5 6 7 9 10 12 | 12.9

Action                   |  1- 3 |  4- 6 |  7- 9 | 10-12 || total
-------------------------+-------+-------+-------+-------++-------
Melee: War axe           |    84 |   170 |   323 |   145 ||   722
Throw: Dart              |       |       |     1 |    16 ||    17
       Throwing net      |       |       |       |     2 ||     2
Invok: Convert to Beogh  |       |       |     1 |       ||     1
Evoke: Wand              |       |       |       |     3 ||     3
  Use: Scroll            |       |       |     5 |     1 ||     6
       Potion            |       |       |     1 |     7 ||     8
 Stab: Invisible         |       |       |     1 |       ||     1
       Paralysed         |       |       |     1 |       ||     1
Armor: Scale mail        |    68 |       |       |       ||    68
       Plate armour      |       |   124 |   170 |    70 ||   364
Dodge: Dodged            |    29 |    26 |    54 |    36 ||   145
Block: Kite shield       |    51 |   110 |   199 |   120 ||   480
